[Event "Titled Tuesday Blitz May 24 Early 2022"]
[White "Juhasz, Agoston"]
[Black "Melikhov, Evgeny V."]
[WhiteFideId "778346"]
[BlackFideId "4122046"]
[WhiteElo "2211"]
[BlackElo "1931"]
[Result "1-0"]
[Round "09"]
[TimeControl "180+1"]
[Date "2022.05.25"]
[WhiteClock "0:00:09"]
[BlackClock "0:00:05"]

1. d4 Nf6 2. c4 e6 3. Nc3 Bb4 4. e3 b6 5. Bd2 O-O 6. Nf3 Bb7 7. a3 Be7 8. Bd3 c5 9. O-O d6 10. b4 cxd4 11. exd4 Nbd7 12. Qe2 a6 13. Rfd1 Re8 14. Rac1 Qc7 15. Bf4 e5 16. Bg3 Nh5 17. Nd5 Bxd5 18. cxd5 Nxg3 19. hxg3 Qb7 20. dxe5 Nxe5 21. Nxe5 dxe5 22. d6 Bxd6 23. Be4 Qe7 24. Bxa8 Rxa8 25. Rc6 Bc7 26. Rdc1 Bd8 27. Rc8 Rxc8 28. Rxc8 Qd7 29. Qxa6 Kf8 30. Rc1 g6 31. Qc8 Qd5 32. Qc2 Kg7 33. Rd1 Qa8 34. a4 Be7 35. Qb3 Qc6 36. a5 b5 37. Qd5 Qa6 38. Qxe5+ Bf6 39. Qd6 Qa7 40. Qb6 Qe7 41. Qxb5 Bc3 42. Qc4 Bxb4 43. a6 Bc5 44. Rb1 Ba7 45. Qc3+ Kh6 46. Qd2+ Kg7 47. Rb7 Qc5 48. Rd7 Qb6 49. Rd6 Qc5 50. Rd3 Qb6 51. Qc3+ Kh6 52. Qd2+ Kg7 53. Qa2 Kh6 54. Rf3 f5 55. Qd2+ Kg7 56. Qd7+ Kh6 57. Qb7 Qc5 58. Qb1 Kg5 59. Qd1 Kf6 60. Qd8+ Kf7 61. Qd7+ Kf6 62. Qd8+ Kf7 63. Qd3 Kf6 64. Qb3 Kg5 65. Qe3+ Kf6 66. Qxc5 Bxc5 67. Rb3 Ke5 68. Rb7 Kd6 69. a7 Bxa7 70. Rxa7 h5 71. Rh7 1-0


[Site "https://www.chess.com"]

[Event "Titled Tuesday Blitz May 24 Early 2022"]
[White "Karolczuk, Iwo"]
[Black "Garv Gaur"]
[WhiteFideId "21816972"]
[BlackFideId "45030839"]
[WhiteElo "2258"]
[BlackElo "1950"]
[Result "0-1"]
[Round "09"]
[TimeControl "180+1"]
[Date "2022.05.25"]
[WhiteClock "0:00:02"]
[BlackClock "0:00:03"]

1. d4 d5 2. Nf3 Nf6 3. c4 e6 4. g3 Bb4+ 5. Bd2 Be7 6. Bg2 O-O 7. O-O c6 8. b3 Nbd7 9. Qc2 b6 10. Rd1 Bb7 11. Nc3 c5 12. cxd5 exd5 13. Qb2 Rc8 14. Rac1 c4 15. bxc4 Rxc4 16. Bf4 Bb4 17. Ne5 Bxc3 18. Rxc3 Rxc3 19. Qxc3 Ne4 20. Qb3 Ndf6 21. Rc1 Qe7 22. g4 g5 23. Be3 Rc8 24. Rxc8+ Bxc8 25. f3 Nd6 26. Bxg5 Qe6 27. Qc2 Nd7 28. Bf4 Nxe5 29. Bxe5 Nc4 30. Bf4 Bb7 31. Kf2 Qf6 32. e3 Qc6 33. g5 b5 34. Bf1 a5 35. Bd3 b4 36. Bxh7+ Kf8 37. Qf5 Bc8 38. Qc2 Be6 39. h4 a4 40. h5 Qb5 41. g6 b3 42. axb3 axb3 43. Bh6+ Ke7 44. Bg5+ f6 45. Qb1 b2 46. g7 fxg5 47. Qg6 b1=Q 48. Qxg5+ Kd7 49. Bxb1 Qb2+ 50. Kg3 Qxb1 51. h6 Qg1+ 52. Kh4 Qh2# 0-1


[Site "https://www.chess.com"]

[Event "Titled Tuesday Blitz May 24 Early 2022"]
[White "Kejzar, Petra"]
[Black "Tomaszewski, Kacper"]
[WhiteFideId "14610213"]
[BlackFideId "1127373"]
[WhiteElo "2004"]
[BlackElo "2153"]
[Result "0-1"]
[Round "09"]
[TimeControl "180+1"]
[Date "2022.05.25"]
[WhiteClock "0:00:44"]
[BlackClock "0:01:23"]

1. c4 c5 2. Nc3 b6 3. g3 Bb7 4. Nf3 Nf6 5. Bg2 e6 6. O-O Be7 7. d4 cxd4 8. Nxd4 Bxg2 9. Kxg2 O-O 10. e4 Qc8 11. e5 Ne8 12. b3 d6 13. f4 Nc6 14. Bb2 dxe5 15. fxe5 Nxe5 16. Qh5 Qb7+ 17. Kh3 Ng6 18. Nxe6 Qd7 19. Qf5 Qxe6 20. Nd5 Nd6 21. Qxe6 fxe6 22. Nc7 Rxf1 23. Rxf1 Rf8 24. Re1 e5 25. Bxe5 Nxe5 26. Rxe5 Bf6 27. Re6 Nf7 28. Nb5 Ng5+ 0-1


[Site "https://www.chess.com"]

[Event "Titled Tuesday Blitz May 24 Early 2022"]
[White "Keymer, Vincent"]
[Black "Kamsky, Gata"]
[WhiteFideId "12940690"]
[BlackFideId "2000024"]
[WhiteElo "2548"]
[BlackElo "2645"]
[Result "0-1"]
[Round "09"]
[TimeControl "180+1"]
[Date "2022.05.24"]
[WhiteClock "0:00:01"]
[BlackClock "0:00:29"]

1. d4 d5 2. c4 c6 3. Nf3 Nf6 4. e3 Bg4 5. cxd5 cxd5 6. Nc3 Nc6 7. Qb3 Na5 8. Qa4+ Bd7 9. Bb5 Nc6 10. Ne5 Qc7 11. Nxd7 Qxd7 12. Bd2 e6 13. Rc1 Rc8 14. O-O a6 15. Be2 Be7 16. h3 O-O 17. Rfd1 Rc7 18. Qc2 b5 19. Qb1 Rb8 20. Be1 b4 21. Na4 Nxd4 22. Rxd4 Rxc1 23. Qxc1 Qxa4 24. Qc7 Qe8 25. Bxa6 g6 26. Qc2 Ra8 27. Bf1 Rxa2 28. Bxb4 Bxb4 29. Rxb4 Ra1 30. Rb7 Qd8 31. b4 Ne4 32. Rc7 Qf6 33. b5 Ng3 34. Qc3 Ne2+ 0-1


[Site "https://www.chess.com"]

[Event "Titled Tuesday Blitz May 24 Early 2022"]
[White "Khamdamova, Afruza"]
[Black "Stanisz, Patryk"]
[WhiteFideId "14210444"]
[BlackFideId "1123106"]
[WhiteElo "1660"]
[BlackElo "1833"]
[Result "1-0"]
[Round "09"]
[TimeControl "180+1"]
[Date "2022.05.25"]
[WhiteClock "0:00:18"]
[BlackClock "0:00:01"]

1. e4 c5 2. Nf3 Nc6 3. d4 cxd4 4. Nxd4 Nf6 5. Nc3 e5 6. Ndb5 d6 7. Nd5 Nxd5 8. exd5 Ne7 9. c4 Nf5 10. Bd3 Be7 11. O-O O-O 12. Qc2 g6 13. b4 a5 14. Bd2 axb4 15. Bxb4 Nh4 16. f4 exf4 17. Rxf4 Bg5 18. Rff1 Bf5 19. Bxd6 Be3+ 20. Kh1 Bxd3 21. Qxd3 Qg5 22. Bg3 Nf5 23. Rf3 Bc5 24. Bf2 Bxf2 25. Rxf2 Qf6 26. Raf1 Qh4 27. a3 Rae8 28. Rf4 Qh6 29. Rxf5 gxf5 30. Qxf5 Qg6 31. Qf3 Re4 32. Nd6 Rd4 33. c5 Rd3 34. Qf5 Kg7 35. Qe5+ Kg8 36. Nf5 1-0


[Site "https://www.chess.com"]

[Event "Titled Tuesday Blitz May 24 Early 2022"]
[White "Kollars, Dmitrij"]
[Black "Matlakov, Maxim"]
[WhiteFideId "12909572"]
[BlackFideId "4168003"]
[WhiteElo "2584"]
[BlackElo "2669"]
[Result "1-0"]
[Round "09"]
[TimeControl "180+1"]
[Date "2022.05.24"]
[WhiteClock "0:00:12"]
[BlackClock "0:00:05"]

1. e4 c5 2. Nf3 e6 3. c3 d5 4. exd5 exd5 5. d4 Nc6 6. Bb5 Bd6 7. dxc5 Bxc5 8. O-O Ne7 9. Nbd2 O-O 10. Nb3 Bb6 11. Re1 Nf5 12. Bd3 h6 13. h3 Qf6 14. Bc2 Nh4 15. Nbd4 Nxd4 16. Nxd4 Bd7 17. Qd3 Ng6 18. Be3 Rfe8 19. Nf3 Bc7 20. Qxd5 Bc6 21. Qf5 Qxf5 22. Bxf5 Bxf3 23. gxf3 Nh4 24. Be4 f5 25. Bxb7 Rab8 26. Bd5+ Kh7 27. b3 Rbd8 28. Red1 Rd6 29. Kf1 Red8 30. c4 Rg6 31. f4 Bb6 32. Bxb6 axb6 33. Bf7 Rgd6 34. Rxd6 Rxd6 35. Bd5 Ng6 36. Rd1 Rd8 37. Rd4 h5 38. a4 Kh6 39. Ke2 Nf8 40. Kd3 Ng6 41. Kc3 h4 42. b4 Re8 43. a5 bxa5 44. bxa5 Re1 45. a6 Ra1 46. Bb7 Nf8 47. Rd6+ g6 48. Kb2 Ra5 49. c5 Rxc5 50. a7 Rb5+ 51. Kc3 Rxb7 52. a8=Q Rc7+ 53. Kd4 1-0


[Site "https://www.chess.com"]

[Event "Titled Tuesday Blitz May 24 Early 2022"]
[White "Korchmar, Vasiliy"]
[Black "Manukian, Artak"]
[WhiteFideId "24131750"]
[BlackFideId "13301373"]
[WhiteElo "2370"]
[BlackElo "2538"]
[Result "1-0"]
[Round "09"]
[TimeControl "180+1"]
[Date "2022.05.24"]
[WhiteClock "0:00:24"]
[BlackClock "0:00:20"]

1. e4 c6 2. d4 d5 3. e5 Bf5 4. c4 e6 5. Nc3 Ne7 6. a3 Nd7 7. cxd5 Nxd5 8. Nxd5 cxd5 9. Ne2 h6 10. Ng3 Bh7 11. Bd3 Bxd3 12. Qxd3 Be7 13. O-O Qb6 14. Nh5 g6 15. Ng3 Kf8 16. f4 Kg7 17. Be3 Rac8 18. f5 exf5 19. Nxf5+ gxf5 20. Rxf5 Rc6 21. Raf1 Rf8 22. R1f3 Rg6 23. Qf1 Qe6 24. Rf2 Bg5 25. Qc1 Bxe3 26. Qxe3 Rc8 27. h4 Nf8 28. h5 Rg4 29. Rxf7+ Kg8 30. R2f6 Rc2 31. Rxf8+ Kg7 32. Qxh6# 1-0


[Site "https://www.chess.com"]

[Event "Titled Tuesday Blitz May 24 Early 2022"]
[White "Kosteniuk, Alexandra"]
[Black "Lopez, Henry"]
[WhiteFideId "4128125"]
[BlackFideId "5203830"]
[WhiteElo "2469"]
[BlackElo "2177"]
[Result "0-1"]
[Round "09"]
[TimeControl "180+1"]
[Date "2022.05.25"]
[WhiteClock "0:00:07"]
[BlackClock "0:00:06"]

1. e4 c5 2. c3 Nf6 3. e5 Nd5 4. d4 cxd4 5. Nf3 Nc6 6. cxd4 d6 7. Bc4 Nb6 8. Bb5 dxe5 9. Nxe5 Bd7 10. Nxd7 Qxd7 11. Nc3 e6 12. O-O a6 13. Bxc6 Qxc6 14. Re1 Be7 15. Qg4 Bf6 16. Ne4 Nd5 17. Nxf6+ gxf6 18. Bh6 Ke7 19. Rac1 Qd6 20. Rc5 Rhg8 21. Qf3 Rad8 22. g3 Rg6 23. Bd2 Kf8 24. Rec1 Kg7 25. h4 f5 26. Ba5 Rd7 27. Rc8 Rg4 28. Bd2 h5 29. Bg5 f6 30. Bd2 f4 31. Be1 fxg3 32. fxg3 Nf4 33. d5 Qxd5 34. Qxd5 Nxd5 35. R1c4 f5 36. Rxg4+ hxg4 37. Kf2 e5 38. h5 f4 39. Re8 Kf6 40. Rf8+ Kg5 41. Re8 Re7 42. Rd8 Ne3 43. Bb4 Rh7 44. Rg8+ Kf5 45. Rf8+ Ke4 46. gxf4 exf4 47. Re8+ Kd3 48. Re5 f3 49. Bc5 Nd1+ 50. Kg3 Rf7 51. Rd5+ Kc4 52. Rxd1 Kxc5 53. Kxg4 f2 54. Rf1 Kd4 55. Kg5 Ke3 56. Kg6 Rf3 57. h6 Rg3+ 58. Kf7 Rh3 59. Kg7 Ke2 60. Rc1 f1=Q 61. Rxf1 Kxf1 62. h7 Ke2 63. h8=Q Rxh8 64. Kxh8 Kd2 65. a4 Kc2 66. b4 Kb3 67. b5 Kxa4 68. bxa6 bxa6 0-1


[Site "https://www.chess.com"]

[Event "Titled Tuesday Blitz May 24 Early 2022"]
[White "Kostiukov, Alexandr"]
[Black "Ambartsumova, Karina"]
[WhiteFideId "14108100"]
[BlackFideId "4166299"]
[WhiteElo "2202"]
[BlackElo "2262"]
[Result "0-1"]
[Round "09"]
[TimeControl "180+1"]
[Date "2022.05.25"]
[WhiteClock "0:00:05"]
[BlackClock "0:00:45"]

1. g3 Nf6 2. Bg2 g6 3. c4 Bg7 4. Nf3 O-O 5. O-O d6 6. d4 c6 7. Nc3 Bf5 8. Nh4 Be6 9. b3 d5 10. c5 b6 11. cxb6 axb6 12. f3 c5 13. dxc5 bxc5 14. Na4 Ng4 15. Rb1 Bd4+ 16. e3 Bxe3+ 17. Kh1 Nf2+ 18. Rxf2 Bxf2 19. Bh6 Re8 20. Qc2 Bd4 21. Nxc5 Qb6 22. Nxe6 Qxe6 23. Rd1 Bg7 24. Bxg7 Kxg7 25. f4 Rd8 26. Qc3+ Kg8 27. Nf3 Nc6 28. h4 Rxa2 29. Re1 Qf6 30. Qc5 Qb2 31. Rg1 Qc2 32. Qb6 Rb8 33. Qc7 Rxb3 34. Qc8+ Kg7 35. Ng5 Rxg3 36. Qd7 Rxg2 0-1


[Site "https://www.chess.com"]

[Event "Titled Tuesday Blitz May 24 Early 2022"]
[White "Kovalev, Vladislav"]
[Black "Andreikin, Dmitry"]
[WhiteFideId "13504398"]
[BlackFideId "4158814"]
[WhiteElo "2530"]
[BlackElo "2736"]
[Result "1-0"]
[Round "09"]
[TimeControl "180+1"]
[Date "2022.05.24"]
[WhiteClock "0:00:03"]
[BlackClock "0:01:21"]

1. e4 e5 2. Nf3 Nf6 3. Nc3 Nc6 4. d4 exd4 5. Nxd4 Bb4 6. Nxc6 bxc6 7. Bd3 O-O 8. O-O d5 9. exd5 cxd5 10. h3 c6 11. Qf3 Rb8 12. Rd1 Re8 13. Na4 Bd6 14. c4 Bc7 15. Bf4 Be6 16. Rac1 h6 17. b3 Bxf4 18. Qxf4 Qa5 19. cxd5 Bxd5 20. Nc3 Rb4 21. Qd2 Qb6 22. Nxd5 cxd5 23. Rc2 a5 24. Rdc1 Ne4 25. Rc8 Qe6 26. Rxe8+ Qxe8 27. Qe3 a4 28. bxa4 f5 29. f3 d4 30. Qe1 Nf6 31. Qxe8+ Nxe8 32. a5 Nf6 33. Rc4 Rb7 34. Rxd4 Ra7 35. a6 Kf7 36. Rb4 Ke6 37. Rb7 Ra8 38. Rxg7 Ke5 39. Rb7 Nd5 40. a4 Nf4 41. Bb5 Rc8 42. a7 Rc1+ 43. Kh2 Rc2 44. a8=Q Nxg2 45. Qb8+ Kd4 46. Kh1 Ke3 47. Qg3 Nf4 48. Re7+ 1-0


[Site "https://www.chess.com"]

[Event "Titled Tuesday Blitz May 24 Early 2022"]
[White "Kruckenhauser, Arthur"]
[Black "Rios Escobar, Adan"]
[WhiteFideId "1642812"]
[BlackFideId "3403645"]
[WhiteElo "2243"]
[BlackElo "2439"]
[Result "1-0"]
[Round "09"]
[TimeControl "180+1"]
[Date "2022.05.25"]
[WhiteClock "0:02:08"]
[BlackClock "0:00:03"]

1. e4 c5 2. Nc3 d6 3. f4 g6 4. Nf3 Bg7 5. Bb5+ Nd7 6. O-O a6 7. Bc4 e6 8. f5 gxf5 9. d3 Ne7 10. Bg5 b5 11. Bb3 fxe4 12. Nxe4 Qb6 13. Kh1 d5 14. Bxe7 Kxe7 15. Nfg5 Rf8 16. Qh5 dxe4 17. Rxf7+ Kd8 18. Nxe6+ Qxe6 19. Bxe6 Bxb2 20. Raf1 Rxf7 21. Rxf7 Ra7 22. Qd5 e3 23. Qd6 Bg7 24. Rxg7 e2 25. Rg8# 1-0


[Site "https://www.chess.com"]

[Event "Titled Tuesday Blitz May 24 Early 2022"]
[White "Kuderinov, Kirill"]
[Black "Barria Zuniga, Daniel"]
[WhiteFideId "13701568"]
[BlackFideId "3400816"]
[WhiteElo "2432"]
[BlackElo "2414"]
[Result "0-1"]
[Round "09"]
[TimeControl "180+1"]
[Date "2022.05.24"]
[WhiteClock "0:01:12"]
[BlackClock "0:01:00"]

1. c4 e6 2. d4 d5 3. Nc3 Nf6 4. Nf3 h6 5. Bf4 Bb4 6. e3 c5 7. a3 Bxc3+ 8. bxc3 Qa5 9. Qb3 Nc6 10. Be2 O-O 11. O-O b6 12. Qb5 Bd7 13. Qxa5 Nxa5 14. dxc5 bxc5 15. cxd5 Nxd5 16. Bd6 Rfc8 17. Ne5 Nxc3 18. Ba6 Bb5 19. Bxc8 Rxc8 20. Rfe1 Nb3 21. Rac1 Nxc1 22. Rxc1 Ne2+ 0-1


[Site "https://www.chess.com"]

[Event "Titled Tuesday Blitz May 24 Early 2022"]
[White "Lauridsen, Jesper Morch"]
[Black "Sankalan Shah"]
[WhiteFideId "1401890"]
[BlackFideId "25600362"]
[WhiteElo "2235"]
[BlackElo "1648"]
[Result "1-0"]
[Round "09"]
[TimeControl "180+1"]
[Date "2022.05.25"]
[WhiteClock "0:00:12"]
[BlackClock "0:00:03"]

1. e4 c5 2. d4 cxd4 3. c3 dxc3 4. Nxc3 Nc6 5. Nf3 e6 6. Bc4 a6 7. O-O Qc7 8. Qe2 b5 9. Bb3 Bb7 10. Be3 Nge7 11. Rac1 Ng6 12. Nd5 exd5 13. exd5 Be7 14. dxc6 dxc6 15. Ng5 O-O 16. Nxf7 Rxf7 17. Rfd1 Rf8 18. Qg4 Ne5 19. Qg3 Bd6 20. Bf4 Nf3+ 21. Qxf3 Bxf4 22. Rc5 Qe7 23. Rf5 g5 24. Qh5 Kg7 25. Bxf7 Rxf7 26. Rxf7+ Qxf7 27. Qxf7+ Kxf7 28. Rd7+ Kf6 29. Rxb7 a5 30. Rb6 Be5 31. Rxc6+ Kf5 32. Rc5 1-0


[Site "https://www.chess.com"]

[Event "Titled Tuesday Blitz May 24 Early 2022"]
[White "Legenia, Artem"]
[Black "Kholin, Aleksandr"]
[WhiteFideId "14136945"]
[BlackFideId "14179385"]
[WhiteElo "1936"]
[BlackElo "2473"]
[Result "0-1"]
[Round "09"]
[TimeControl "180+1"]
[Date "2022.05.25"]
[WhiteClock "0:00:52"]
[BlackClock "0:00:53"]

1. g3 d5 2. Bg2 Nf6 3. b3 a5 4. a3 e6 5. Bb2 Be7 6. e3 O-O 7. Ne2 c5 8. O-O a4 9. d3 Nc6 10. Nd2 axb3 11. cxb3 b6 12. Rc1 Ba6 13. Qc2 Rc8 14. Rfe1 Ng4 15. Qb1 Nge5 16. Nf4 Bg5 17. d4 Bxf4 18. gxf4 Nd3 19. Bf1 c4 20. bxc4 Nxe1 21. Rxe1 dxc4 22. Nxc4 Bxc4 23. Bxc4 Nxd4 24. Bxd4 Rxc4 25. Qxb6 Qa8 26. Qb5 Rc6 27. Rb1 Rfc8 28. Bb2 Rb8 29. Qe5 f6 30. Qd4 Rcb6 31. a4 Qb7 32. Rc1 Rxb2 0-1


[Site "https://www.chess.com"]

[Event "Titled Tuesday Blitz May 24 Early 2022"]
[White "Leschinsky, Gary"]
[Black "Schekachikhin, Maksim"]
[WhiteFideId "30951321"]
[BlackFideId "24177830"]
[WhiteElo "1782"]
[BlackElo "2239"]
[Result "0-1"]
[Round "09"]
[TimeControl "180+1"]
[Date "2022.05.25"]
[WhiteClock "0:00:06"]
[BlackClock "0:00:25"]

1. d4 Nf6 2. c4 e6 3. Nc3 Bb4 4. f3 d5 5. a3 Bxc3+ 6. bxc3 O-O 7. cxd5 exd5 8. e3 b6 9. Bd3 c5 10. Ne2 Ba6 11. O-O Bxd3 12. Qxd3 Re8 13. Ng3 Nc6 14. Bb2 h5 15. Rae1 h4 16. Nf5 h3 17. g4 Qd7 18. Kh1 Rac8 19. g5 Nh5 20. e4 cxd4 21. cxd4 Nf4 22. Qb1 g6 23. Nh6+ Kg7 24. Ng4 Re6 25. Nf6 Qd8 26. exd5 Nxd5 27. Rxe6 fxe6 28. Qe4 Qd6 29. Re1 Na5 30. Qh4 Rh8 31. Ne8+ Rxe8 32. Qh6+ Kf7 33. Qh7+ Kf8 34. Qh8+ Ke7 35. Qg7+ Kd8 36. Qxg6 Qf4 37. Qe4 Nc4 38. Bc1 Qxe4 39. fxe4 Ne7 40. Rf1 Rg8 41. Rf3 Nd6 42. Rxh3 Nxe4 43. Rh6 Nxg5 44. Bxg5 Rxg5 45. Rxe6 Kd7 46. Re3 Rg4 47. Rd3 Kd6 0-1


[Site "https://www.chess.com"]

[Event "Titled Tuesday Blitz May 24 Early 2022"]
[White "Levitskiy, Andrey"]
[Black "Maksimovic, Bojan"]
[WhiteFideId "14132885"]
[BlackFideId "14408120"]
[WhiteElo "2301"]
[BlackElo "2448"]
[Result "0-1"]
[Round "09"]
[TimeControl "180+1"]
[Date "2022.05.24"]
[WhiteClock "0:00:09"]
[BlackClock "0:00:06"]

1. e4 c5 2. Nf3 Nc6 3. d4 cxd4 4. Nxd4 Nf6 5. Nc3 e5 6. Ndb5 d6 7. Bg5 a6 8. Na3 b5 9. Nd5 Be7 10. Bxf6 Bxf6 11. c4 b4 12. Nc2 O-O 13. g3 a5 14. Bg2 Be6 15. O-O a4 16. b3 axb3 17. axb3 Rxa1 18. Qxa1 Bxd5 19. cxd5 Na5 20. Qa4 Nb7 21. Qxb4 Qc7 22. Na3 Rb8 23. Qd2 Qa5 24. Nc4 Qxd2 25. Nxd2 Nc5 26. Rb1 Rb4 27. Nc4 Be7 28. Na5 Bf8 29. Nc6 Rxb3 30. Rxb3 Nxb3 31. f3 g6 32. Bh3 Nc5 33. Kf2 Kg7 34. Ke3 Kf6 35. Bc8 Bh6+ 36. Ke2 Bc1 37. h3 Bb2 38. Nb4 Bc3 39. Nd3 Nb3 40. Nf2 Nd4+ 41. Ke3 Be1 42. Ng4+ Ke7 43. Nf2 h5 44. f4 Nc2+ 45. Ke2 Bxf2 46. Kxf2 Kf6 47. Kf3 Nb4 48. Bb7 Nd3 49. Bc8 Nc5 50. h4 Nd3 51. Bh3 Ne1+ 52. Ke2 Nc2 53. Kf3 Nd4+ 54. Ke3 Nb5 55. Kf3 Na3 56. Ke3 Nc4+ 57. Kf3 Ke7 58. Bg2 Nd2+ 59. Ke3 Nb3 60. Kf3 Nd4+ 61. Ke3 Kf6 62. Bh3 Kg7 63. Kf2 f6 64. Ke3 g5 65. hxg5 fxg5 66. fxe5 dxe5 67. Bc8 Kf6 68. d6 Nb5 69. d7 Ke7 70. Kf3 Nd6 71. Ke3 Nc4+ 72. Kf3 Nb6 73. Ba6 Nxd7 74. Bc8 Nf6 75. Bf5 Kd6 76. Bg6 Kc5 77. Bf5 Kd4 78. Bg6 Kd3 79. Bf7 Kd2 80. Bg6 Kc3 81. Bf5 Kc4 82. Bg6 Kd3 83. Bf5 g4+ 84. Kg2 Nxe4 85. Bg6 Ke3 86. Bxh5 Nf6 87. Bg6 Kd2 88. Kf2 e4 89. Kf1 e3 90. Bf5 e2+ 91. Kg2 e1=Q 92. Bxg4 Nxg4 93. Kh3 Ne3 94. g4 Qh1+ 95. Kg3 Qg2+ 96. Kf4 Qxg4+ 97. Ke5 Qf5+ 98. Kd6 Qd5+ 99. Ke7 Qc6 100. Kf8 Qb7 101. Kg8 Kd3 0-1


[Site "https://www.chess.com"]

[Event "Titled Tuesday Blitz May 24 Early 2022"]
[White "Li, Zhuoling"]
[Black "Shtyka, Sergey"]
[WhiteFideId "8605629"]
[BlackFideId "4138465"]
[WhiteElo "2360"]
[BlackElo "2014"]
[Result "0-1"]
[Round "09"]
[TimeControl "180+1"]
[Date "2022.05.25"]
[WhiteClock "0:00:10"]
[BlackClock "0:00:30"]

1. e4 c5 2. Nf3 Nc6 3. Bb5 g6 4. O-O Bg7 5. Bxc6 dxc6 6. h3 e5 7. d3 Ne7 8. Be3 b6 9. a4 O-O 10. Nbd2 Be6 11. a5 Qc7 12. b3 h6 13. Qe2 f5 14. Nc4 f4 15. Bd2 g5 16. Nh2 b5 17. Nb2 Ng6 18. f3 h5 19. b4 cxb4 20. Bxb4 c5 21. Bd2 c4 22. dxc4 bxc4 23. Bc3 Rfd8 24. Rfd1 Bf8 25. Ra4 Rxd1+ 26. Qxd1 Rc8 27. Qe2 a6 28. Nf1 g4 29. hxg4 hxg4 30. fxg4 Bc5+ 31. Kh1 Qh7+ 32. Nh2 Kf7 33. Qf3 Rh8 34. Qh3 Qg7 35. Qf3 Qh6 36. Qh3 Qg5 37. Qf3 Bxg4 38. Qf1 Rxh2+ 39. Kxh2 Qh4# 0-1


[Site "https://www.chess.com"]

[Event "Titled Tuesday Blitz May 24 Early 2022"]
[White "Liyanage, Ranindu Dilshan"]
[Black "Yuan, Qingyu"]
[WhiteFideId "9915834"]
[BlackFideId "8609772"]
[WhiteElo "1858"]
[BlackElo "2359"]
[Result "0-1"]
[Round "09"]
[TimeControl "180+1"]
[Date "2022.05.24"]
[WhiteClock "0:00:23"]
[BlackClock "0:00:42"]

1. e4 c6 2. d4 d5 3. e5 c5 4. dxc5 e6 5. a3 Bxc5 6. Qg4 Ne7 7. Nf3 O-O 8. Bd3 f5 9. exf6 Rxf6 10. Bg5 e5 11. Qh4 e4 12. Bxf6 gxf6 13. Qxf6 exd3 14. cxd3 Qf8 15. Qc3 Bd6 16. Nbd2 Nbc6 17. O-O Bg4 18. d4 Ng6 19. h3 Be6 20. Rae1 Nf4 21. Ne5 Nxe5 22. dxe5 Bc5 23. Qg3+ Kh8 24. Nf3 Qf5 25. Nh4 Qf7 26. Qg5 Be7 27. Qh6 Rg8 28. g3 Bg5 29. Qxe6 Qxe6 30. gxf4 Bxf4+ 0-1


[Site "https://www.chess.com"]

[Event "Titled Tuesday Blitz May 24 Early 2022"]
[White "Lutz, Igor Oscar"]
[Black "Clawitter, Craig"]
[WhiteFideId "2110806"]
[BlackFideId "2023105"]
[WhiteElo "1722"]
[BlackElo "2210"]
[Result "1/2-1/2"]
[Round "09"]
[TimeControl "180+1"]
[Date "2022.05.25"]
[WhiteClock "0:00:39"]
[BlackClock "0:00:22"]

1. d4 e6 2. c4 Nf6 3. g3 d5 4. Bg2 Be7 5. Nf3 O-O 6. O-O dxc4 7. Nbd2 c5 8. Nxc4 Nc6 9. dxc5 Bxc5 10. Bg5 Qxd1 11. Rfxd1 Ne4 12. Be3 Bxe3 13. Nxe3 Nc5 14. Rac1 Na4 15. b3 Nb6 16. Nd4 Nxd4 17. Rxd4 e5 18. Rd6 Rb8 19. Rc7 Re8 20. Nd5 Na8 21. Ne7+ Kf8 22. Nd5 Nxc7 23. Nxc7 Be6 24. Nxe8 Kxe8 25. h4 Ke7 26. Rd3 b6 27. Rc3 Rc8 28. Rxc8 Bxc8 29. Bd5 Be6 30. Bxe6 Kxe6 31. Kg2 Kd5 32. Kf3 Kd4 33. e3+ Kc3 34. Ke4 f6 35. f4 exf4 36. gxf4 Kb2 37. Kd5 Kxa2 38. e4 Kxb3 39. e5 fxe5 40. fxe5 a5 41. e6 a4 42. e7 a3 43. e8=Q a2 44. Qb5+ Kc2 45. Qc4+ Kb2 46. Qb4+ Kc2 47. Qc4+ Kb2 48. Qb4+ Kc2 49. Qc4+ 1/2-1/2


[Site "https://www.chess.com"]

[Event "Titled Tuesday Blitz May 24 Early 2022"]
[White "Maghsoodloo, Parham"]
[Black "Bortnyk, Olexandr"]
[WhiteFideId "12539929"]
[BlackFideId "14120828"]
[WhiteElo "2630"]
[BlackElo "2723"]
[Result "0-1"]
[Round "09"]
[TimeControl "180+1"]
[Date "2022.05.24"]
[WhiteClock "0:01:38"]
[BlackClock "0:01:25"]

1. c4 d6 2. d4 e5 3. Nf3 e4 4. Ng5 f5 5. h4 Be7 6. g3 Nf6 7. Nc3 c6 8. d5 h6 9. Ne6 Bxe6 10. dxe6 Qc8 11. Qb3 Na6 12. Be3 Ng4 13. Bd4 Bf6 14. Rd1 Bxd4 15. Rxd4 Nc5 16. Qd1 Qxe6 17. Rxd6 Qe5 18. Qd4 Ke7 19. e3 Qxd6 20. Qxg7+ Ke6 21. Qg6+ Ke5 22. Qg7+ Nf6 23. Bh3 Rag8 24. Qf7 Rh7 0-1


[Site "https://www.chess.com"]

[Event "Titled Tuesday Blitz May 24 Early 2022"]
[White "Martinez, Shawn"]
[Black "Ljukin, Sergei"]
[WhiteFideId "2039770"]
[BlackFideId "14102200"]
[WhiteElo "2174"]
[BlackElo "2312"]
[Result "1/2-1/2"]
[Round "09"]
[TimeControl "180+1"]
[Date "2022.05.25"]
[WhiteClock "0:00:26"]
[BlackClock "0:00:02"]

1. e4 e6 2. d4 d5 3. Bd3 dxe4 4. Bxe4 Nf6 5. Bf3 Bd6 6. Ne2 Nbd7 7. O-O e5 8. dxe5 Nxe5 9. Nd4 Nxf3+ 10. Nxf3 O-O 11. Nc3 Bg4 12. Be3 Bb4 13. Bd4 Bxf3 14. gxf3 Bxc3 15. Bxc3 Nd5 16. Be5 Qg5+ 17. Bg3 h5 18. h4 Qf5 19. Re1 Nf4 20. Qd4 Ng6 21. Qe4 Qc5 22. c3 f5 23. Qe6+ Kh7 24. f4 Rad8 25. Rad1 Rf6 26. Rxd8 Rxe6 27. Rxe6 Qc4 28. Re3 Nxf4 29. Rd7 Ne2+ 30. Kh2 f4 31. Ree7 fxg3+ 32. fxg3 Nc1 33. Rxg7+ Kh8 34. Rh7+ Kg8 35. Rhe7 Kf8 36. Rh7 Qe2+ 37. Kh3 Qg4+ 38. Kh2 Qe2+ 39. Kh3 Qf1+ 40. Kh2 Kg8 41. Rhg7+ Kf8 42. Rh7 Kg8 43. Rhe7 Qf2+ 44. Kh3 Qf1+ 45. Kh2 Kf8 46. Rh7 1/2-1/2


[Site "https://www.chess.com"]

[Event "Titled Tuesday Blitz May 24 Early 2022"]
[White "Meunier-Pion, Jean"]
[Black "Tologon tegin, Semetei"]
[WhiteFideId "20685327"]
[BlackFideId "13800574"]
[WhiteElo "2124"]
[BlackElo "2258"]
[Result "0-1"]
[Round "09"]
[TimeControl "180+1"]
[Date "2022.05.25"]
[WhiteClock "0:00:01"]
[BlackClock "0:00:07"]

1. e4 e5 2. Nf3 Nc6 3. Bb5 a6 4. Ba4 Nf6 5. d3 Bc5 6. c3 d6 7. O-O b5 8. Bc2 Bg4 9. a4 O-O 10. h3 Bh5 11. Be3 b4 12. Nbd2 Rb8 13. Bxc5 dxc5 14. Qc1 Bxf3 15. Nxf3 b3 16. Bb1 Qd6 17. Qg5 h6 18. Qe3 Rfd8 19. Nh4 Ne7 20. f4 exf4 21. Qxf4 Qxf4 22. Rxf4 Nd7 23. Nf5 Nxf5 24. Rxf5 f6 25. Kf2 Ne5 26. Ke3 a5 27. Ke2 Rd6 28. g4 g6 29. Rf1 Kf7 30. Ra3 Ke7 31. Ke3 g5 32. Ke2 c4 33. d4 Ng6 34. Rf5 Nf4+ 35. Kf3 Ra8 36. e5 fxe5 37. Rxe5+ Re6 38. Bf5 Rxe5 39. dxe5 Rd8 40. Ra1 Rd2 41. Rb1 Nxh3 42. Be4 Nf4 43. Ke3 Rh2 44. Kd4 Re2 45. Bf5 Ne6+ 46. Kxc4 Rxe5 47. Kxb3 Nc5+ 48. Kc2 Nxa4 49. b3 Nb6 50. Kd3 h5 51. c4 Kf7 52. Rf1 hxg4 53. Bxg4+ Ke7 54. Bf3 Rf5 55. Re1+ Kd6 56. Be4 Rf4 57. Rh1 Nd7 58. Rh6+ Kc5 59. Rh7 Ne5+ 60. Ke3 Ng4+ 61. Kd2 Rxe4 62. Rxc7+ Kb4 63. Rb7+ Ka3 64. Rb5 a4 65. bxa4 Ne5 66. Kc3 Rxc4+ 67. Kd2 Re4 68. Kc3 Kxa4 69. Rb1 g4 70. Kd2 g3 71. Rg1 Rg4 72. Ke3 Kb4 73. Rg2 Kc4 74. Ke2 Kd4 75. Kf1 Ke3 76. Kg1 Kf3 77. Ra2 Re4 78. Ra3+ Re3 79. Ra1 Ng4 80. Rf1+ Nf2 81. Rd1 Nxd1 0-1


[Site "https://www.chess.com"]